 Dungeon Crawl Stone Soup version 0.27.1-4-g1640c2035a (webtiles) character file.

Game seed: 6696439007125956279

38 Stomo444 the Ducker (level 3, 0/28 HPs)
             Began as a Demonspawn Gladiator on Nov 16, 2021.
             Killed from afar by an orc wizard (10 damage)
             ... with a puff of flame
             ... on level 1 of the Dungeon.
             The game lasted 00:01:51 (1760 turns).

Stomo444 the Ducker (Demonspawn Gladiator)          Turns: 1760, Time: 00:01:51

Health: 0/28       AC:  6    Str: 15    XL:     3   Next: 25%
Magic:  3/3        EV: 11    Int:  9    God:
Gold:   41         SH:  0    Dex: 14    Spells: 2/2 levels left

rFire    . . .     SeeInvis .   a - +0 flail
rCold    . . .     Faith    .   (no shield)
rNeg     . . .     Spirit   .   h - +0 ring mail
rPois    .         Reflect  .   (helmet restricted)
rElec    .         Harm     .   (no cloak)
rCorr    .         Rampage  .   m - +0 pair of gloves
Will     .....                  (no boots)
Stlth    +.........             (no amulet)
HPRegen  0.09/turn              (no ring)
MPRegen  0.16/turn              (no ring)

@: no status effects
A: horns 1, magic regeneration
a: no special abilities


You were on level 1 of the Dungeon.
You visited 1 branch of the dungeon, and saw 2 of its levels.

You collected 41 gold pieces.

Inventory:

Hand Weapons
 a - a +0 flail (weapon)
Missiles
 d - 3 throwing nets (quivered)
Armour
 b - a +0 leather armour
 c - a +0 helmet
 h - a +0 ring mail (worn)
 m - a +0 pair of gloves (worn)
Scrolls
 f - 2 scrolls of fog
 g - a scroll of identify
 k - a scroll of immolation {unknown}
 l - a scroll of amnesia {unknown}
Potions
 e - 4 potions of attraction
 i - a potion of degeneration {unknown}
 j - a potion of heal wounds {unknown}


   Skills:
 + Level 2.4 Fighting
 + Level 3.0 Maces & Flails
 - Level 1.7 Throwing
 + Level 1.1 Armour
 + Level 3.1 Dodging


You had 2 spell levels left.
You didn't know any spells.
Your spell library was empty.

Dungeon Overview and Level Annotations

Branches:
Dungeon (2/15)

Altars:


Innate Abilities, Weirdness & Mutations

You have a pair of small horns on your head.
You regenerate magic rapidly.


Message History

The magic dart hits you.
The orc wizard hits you but does no damage.
You miss the orc wizard. Your headbutt misses the orc wizard.
The orc wizard barely misses you.
You closely miss the orc wizard. Your headbutt misses the orc wizard.
The orc wizard hits you with a +0 dagger.
You sock the orc wizard!
You headbutt the orc wizard, but do no damage.
The orc wizard is severely wounded.
The orc wizard points at you and mumbles some strange words.
You are confused.
You're too confused to move!
The orc wizard points at you and mumbles some strange words.
You are more confused.
The orc wizard mumbles some strange words.
The orc wizard flickers and vanishes!
Deactivating autopickup; reactivate with Ctrl-A.
Things that are here:
a +0 leather armour; a +0 club Something hits you but does no damage.
There is a stone staircase leading down here.
You bump into the rock wall.
Something hits you.
You miss something. Your headbutt misses something.
Something hits you but does no damage. x2
You bump into the rock wall.
Something hits you but does no damage.
You miss something. Your headbutt misses something.
Something hits you but does no damage.
You're too confused to move!
Something hits you.
You bump into the rock wall.
Something hits you but does no damage.
You bump into the rock wall.
Something hits you.
You bump into the rock wall.
Something hits you but does no damage. Something hits you but does no damage.
Things that are here:
a +0 hand axe; an orc corpse You bump into the rock wall.
You feel less confused.
You hear some strange, mumbled words.
A puff of flame appears from out of thin air!
The puff of flame hits you!
You die...

################
#...............
#.############## #.#
###.##############
#>{...............
#@[...............
#####.#.##############
#.......# #.......#
#.......# ####
#####.#.####### #...
#####.#.......# ##...
#...#'#######.# #....
#......# #.####...#


There were no monsters in sight!

Vanquished Creatures
  A worm (D:2)
  A dart slug (D:1)
  3 orcs
  A bat (D:1)
  3 endoplasms (D:1)
  2 giant cockroaches (D:1)
  2 goblins
  4 hobgoblins (D:1)
  2 quokkas (D:1)
  3 ball pythons (D:1)
  A frilled lizard (D:1)
  2 kobolds
  2 rats (D:1)
27 creatures vanquished.

Notes
Turn   | Place    | Note
-------+----------+-------------------------------------------
     0 | D:1      | Stomo444 the Demonspawn Gladiator began the quest for the
                  | Orb.
     0 | D:1      | Reached XP level 1. HP: 16/16 MP: 1/1
   475 | D:1      | Gained mutation: You regenerate magic rapidly. [demonic
                  | ancestry]
   475 | D:1      | Reached XP level 2. HP: 22/22 MP: 2/2
  1456 | D:2      | Reached skill level 1 in Armour
  1456 | D:2      | Gained mutation: You have a pair of small horns on your
                  | head. [demonic ancestry]
  1456 | D:2      | Reached XP level 3. HP: 24/28 MP: 3/3
  1760 | D:1      | Killed from afar by an orc wizard

Illustrated notes

Levels and vault maps discovered:
D:1:      dpeg_arrival_chambers_temple_mockup, layout_basic, minmay_pentomino_t2
D:2:      layout_loops_corners, hellmonk_ecumenical_altar_leap_of_faith,
          minmay_lizard_pond

Skill      XL: |  1  2 |
---------------+-------+-----
Maces & Flails | 3 |  3.0
Dodging        | 3 |  3.1
Armour         | 1 |  1.1
Fighting       | |  2.4
Throwing       | |  1.7

Action                   || total
-------------------------++-------
Melee: Flail             ||    96
       Headbutt          ||     4
  Use: Scroll            ||     2
 Stab: Sleeping          ||     2
Armor: Leather armour    ||     8
       Ring mail         ||    36
Dodge: Dodged            ||    58
